 Dungeon Crawl Stone Soup version 0.21.1-1-g345015f (webtiles) character file.

7135 Alphaeus the Nimble (level 11, -5/130 HPs)
             Began as a Gnoll Monk on Feb 12, 2018.
             Was the Champion of Cheibriados.
             Splashed by a brown ugly thing's acid (10 damage)
             ... on level 11 of the Dungeon.
             The game lasted 00:18:56 (7441 turns).

Alphaeus the Nimble (Gnoll Monk)                    Turns: 7441, Time: 00:18:57

Health: -5/130     AC: 21    Str: 29      XL:     11   Next: 10%
Magic:  11/19      EV:  2    Int: 28      God:    Cheibriados [******]
Gold:   529        SH:  0    Dex: 34 (35) Spells: 18/21 levels left

rFire    . . .     SeeInvis .   P - +5 scimitar
rCold    + . .     Gourm    .   (no shield)
rNeg     + + +     Faith    .   (armour currently unavailable)
rPois    +         Spirit   .   (helmet currently unavailable)
rElec    .         Reflect  .   (cloak currently unavailable)
rCorr    .         Harm     .   (gloves currently unavailable)
MR       .....     NoTele   +   (boots currently unavailable)
Stlth    +++++.....             (no amulet)
HPRegen  0.31/turn              (no ring)
MPRegen  0.16/turn              O - ring of protection from cold

@: tree-form, corroded, very slow
A: distributed training, deterioration 1, strong nose
a: Bend Time, Temporal Distortion, Slouch, Step From Time, Renounce Religion


You were on level 11 of the Dungeon.
You worshipped Cheibriados.
Cheibriados was exalted by your worship.
You were very hungry.
You were a tree.
You visited 1 branch of the dungeon, and saw 11 of its levels.

You collected 529 gold pieces.

Inventory:

Hand Weapons
 E - a +0 scimitar
 P - a +5 scimitar (weapon)
Missiles
 r - 122 arrows
 C - 5 tomahawks (quivered)
Armour
 e - a +0 ring mail
 u - a +0 cloak (melded)
 A - a +0 helmet (melded)
 G - a +1 troll leather armour (melded)
 J - a cursed +0 shield
 L - a +2 pair of boots (melded)
Magical Staves
 D - an uncursed staff of death
 K - an uncursed staff of power
Jewellery
 y - an uncursed ring of stealth
 N - an uncursed ring of magical power
 O - a ring of protection from cold (right branch)
 R - the ring of Ruasop Mohy {*Tele rPois rN+ Str+6 Slay-4}
   (You found it on level 10 of the Dungeon)

   [ring of teleportation]

   It may teleport you next to monsters.
   It affects your strength (+6).
   It affects your accuracy and damage with ranged weapons and melee attacks
   (-4).
   It protects you from poison.
   It protects you from negative energy.
Wands
 v - a wand of iceblast (12)
 w - a wand of digging (9)
Scrolls
 b - a scroll of enchant weapon {unknown}
 d - 8 scrolls of identify
 f - 8 scrolls of teleportation
 n - 2 scrolls of amnesia {unknown}
 p - 3 scrolls of remove curse
 t - 5 scrolls of enchant armour
 x - a scroll of blinking {unknown}
 z - 2 scrolls of fog {unknown}
 B - 2 scrolls of noise {unknown}
 F - 2 scrolls of immolation {unknown}
 H - a scroll of fear {unknown}
 Q - a scroll of vulnerability {unknown}
Potions
 g - 4 potions of haste
 h - 2 potions of flight
 i - a potion of degeneration {unknown}
 k - a potion of berserk rage
 l - a potion of mutation
 m - 2 potions of lignification
 q - 2 potions of agility {unknown}
 s - a potion of brilliance {unknown}
 I - 2 potions of heal wounds {unknown}
 M - a potion of ambrosia {unknown}
Books
 a - a book of Maledictions

   Spells                             Type                      Level
   a - Corona                         Hexes                        1
   b - Ensorcelled Hibernation        Hexes/Ice                    2
   c - Confuse                        Hexes                        3
   d - Tukima's Dance                 Hexes                        3
   e - Dazzling Spray                 Conjuration/Hexes            3
Comestibles
 c - 20 rations
 j - 8 chunks of flesh


   Skills:
 + Level 8.9 Fighting
 + Level 5.8 Short Blades
 + Level 8.9 Long Blades
 + Level 5.8 Axes
 + Level 5.8 Maces & Flails
 + Level 5.8 Polearms
 + Level 5.8 Staves
 + Level 5.8 Slings
 + Level 5.8 Bows
 + Level 5.8 Crossbows
 + Level 5.8 Throwing
 + Level 5.8 Armour
 + Level 8.9 Dodging
 + Level 7.3 Stealth
 + Level 5.8 Shields
 + Level 5.8 Unarmed Combat
 + Level 5.8 Spellcasting
 + Level 4.8 Conjurations
 + Level 4.8 Hexes
 + Level 4.8 Charms
 + Level 4.8 Summonings
 + Level 4.8 Necromancy
 + Level 4.8 Translocations
 + Level 4.8 Transmutations
 + Level 4.8 Fire Magic
 + Level 4.8 Ice Magic
 + Level 4.8 Air Magic
 + Level 4.8 Earth Magic
 + Level 4.8 Poison Magic
 + Level 6.4 Invocations
 + Level 5.8 Evocations


You had 18 spell levels left.
You knew the following spells:

 Your Spells              Type           Power        Failure   Level  Hunger
a - Tukima's Dance        Hex            #####...     2%          3    None


Dungeon Overview and Level Annotations

Branches:
Dungeon (11/15)            Temple (0/1) D:5            Lair (0/6) D:10
    Orc (0/2) D:10

Altars:
Ashenzari
Cheibriados
Dithmenos
Gozag
Hepliaklqana
Kikubaaqudgha
Makhleb
Okawaru
Qazlal
Sif Muna
Uskayaw
Vehumet
Wu Jian
Yredelemnul

Shops:
D:5 =   D:9 }


Innate Abilities, Weirdness & Mutations

Your experience applies equally to all skills.
((You have very sharp teeth.))
Your uncanny sense of smell can sniff out nearby items.
((You have large cloven feet.))
((You are partially covered in slimy green scales. (AC +2)))
Your body sometimes deteriorates upon taking damage.
((Your system is resistant to poisons. (rPois)))


Message History

You slash the brown ugly thing!
The brown ugly thing is severely wounded.
The brown ugly thing barely misses you.
You closely miss the brown ugly thing. Your punch misses the brown ugly thing.
The brown ugly thing is severely wounded.
The troll shouts!
The brown ugly thing engulfs you but does no damage.
A centaur comes into view.
You hit the brown ugly thing.
The brown ugly thing is severely wounded.
The brown ugly thing engulfs you.
* * * LOW HITPOINT WARNING * * *
You are splashed with acid!
The acid burns!
* * * LOW HITPOINT WARNING * * *
You hit the brown ugly thing.
The brown ugly thing is severely wounded.
The brown ugly thing engulfs you.
* * * LOW HITPOINT WARNING * * *
The acid corrodes you!
You are splashed with acid!
The acid burns!
You die...

≈ ∆ ∆
≈≈≈.;≈♣
≈≈≈.≈≈♣
#######+##
≈≈≈.≈≈♣
#.♣.......
≈≈≈.P≈♣
#.u.......
P≈≈.P♣
#...T.)...
;≈≈.≈♣
+.Y.......
≈≈≈.♣..
#.........
......#
#...c.....
≈≈≈...#
#.........
≈≈≈≈♣.#
#.....<...
≈≈PP≈#


You could see a brown ugly thing, a troll, an ice beast and a centaur.

Vanquished Creatures
  A two-headed ogre (D:9)
  A komodo dragon (D:10)
  A troll (D:7)
  Prince Ribbit (D:7)
  2 water elementals (D:11)
  A wyvern (D:9)
  A wraith (D:10)
  10 yaks
  Edmund (D:6)
  3 water moccasins
  A sky beast (D:7)
  3 orc warriors
  2 phantoms
  An ice beast (D:10)
  3 ogres
  Blork the orc (D:6)
  A big kobold (D:9)
  6 bullfrogs
  A gnoll sergeant (D:11)
  A wyvern skeleton (D:6)
  A scorpion (D:10)
  5 killer bees (D:7)
  5 wights (D:10)
  An electric eel (D:11)
  A howler monkey (D:5)
  2 bullfrog zombies
  4 crimson imps
  3 quasits
  3 jellies
  4 orc priests
  A bullfrog skeleton (D:8)
  2 hounds
  A centaur skeleton (D:7)
  An iguana (D:6)
  12 orc wizards
  2 worker ants (D:6)
  A killer bee zombie (D:5)
  A hound skeleton (D:6)
  A howler monkey skeleton (D:5)
  4 gnolls (D:11)
  12 adders
  2 shadow imps
  2 oozes
  2 adder zombies
  An adder skeleton (D:4)
  A worm (D:3)
  A dart slug (D:2)
  29 orcs
  5 giant cockroaches
  11 goblins
  12 hobgoblins
  6 jackals
  8 kobolds
  5 quokkas
  2 ball pythons
  7 bats
  3 frilled lizards (D:1)
  A jackal skeleton (D:4)
  A jackal zombie (D:5)
  3 rats
211 creatures vanquished.

Vanquished Creatures (others)
  A gnoll (D:11)
  4 plants (D:10)
5 creatures vanquished.

Grand Total: 216 creatures vanquished

Notes
Turn   | Place    | Note
-------+----------+-------------------------------------------
     0 | D:1      | Alphaeus the Gnoll Monk began the quest for the Orb.
     0 | D:1      | Reached XP level 1. HP: 23/23 MP: 1/1
   146 | D:1      | Reached XP level 2. HP: 29/29 MP: 2/2
   584 | D:2      | Found a basalt altar of Yredelemnul.
   586 | D:2      | Found a snail-covered altar of Cheibriados.
   593 | D:2      | Reached XP level 3. HP: 32/35 MP: 3/3
   610 | D:2      | Became a worshipper of Cheibriados the Contemplative
   610 | D:2      | Reached * piety under Cheibriados
   610 | D:2      | Reached ** piety under Cheibriados
   839 | D:2      | Reached skill level 1 in Invocations
   843 | D:2      | Found a burning altar of Makhleb.
   848 | D:2      | Reached skill level 1 in Short Blades
   848 | D:2      | Reached skill level 1 in Axes
   848 | D:2      | Reached skill level 1 in Maces & Flails
   848 | D:2      | Reached skill level 1 in Polearms
   848 | D:2      | Reached skill level 1 in Staves
   848 | D:2      | Reached skill level 1 in Slings
   848 | D:2      | Reached skill level 1 in Bows
   848 | D:2      | Reached skill level 1 in Crossbows
   848 | D:2      | Reached skill level 1 in Throwing
   848 | D:2      | Reached skill level 1 in Armour
   848 | D:2      | Reached skill level 1 in Shields
   848 | D:2      | Reached skill level 1 in Unarmed Combat
   848 | D:2      | Reached skill level 1 in Spellcasting
   848 | D:2      | Reached skill level 1 in Evocations
   848 | D:2      | Reached XP level 4. HP: 41/41 MP: 5/5
  1020 | D:2      | You fall through a shaft for 2 floors!
  1400 | D:3      | Reached skill level 1 in Conjurations
  1400 | D:3      | Reached skill level 1 in Hexes
  1400 | D:3      | Reached skill level 1 in Charms
  1400 | D:3      | Reached skill level 1 in Summonings
  1400 | D:3      | Reached skill level 1 in Necromancy
  1400 | D:3      | Reached skill level 1 in Translocations
  1400 | D:3      | Reached skill level 1 in Transmutations
  1400 | D:3      | Reached skill level 1 in Fire Magic
  1400 | D:3      | Reached skill level 1 in Ice Magic
  1400 | D:3      | Reached skill level 1 in Air Magic
  1400 | D:3      | Reached skill level 1 in Earth Magic
  1400 | D:3      | Reached skill level 1 in Poison Magic
  1403 | D:3      | Reached XP level 5. HP: 18/47 MP: 6/6
  1444 | D:3      | Reached *** piety under Cheibriados
  2106 | D:4      | Found a shattered altar of Ashenzari.
  2231 | D:4      | Gained mutation: You have sharp toenails. [potion of mutation]
  2231 | D:4      | Gained mutation: You are partially covered in thin metallic scales. (AC +2) [potion of mutation]
  2232 | D:4      | Lost mutation: You are partially covered in thin metallic scales. (AC +2) [potion of mutation]
  2232 | D:4      | Lost mutation: You have sharp toenails. [potion of mutation]
  2232 | D:4      | Gained mutation: Your spells are a little easier to cast, but a little less powerful. [potion of mutation]
  2232 | D:4      | Gained mutation: You have large cloven feet. [potion of mutation]
  2232 | D:4      | Gained mutation: You passively map a small area around you. [potion of mutation]
  3110 | D:5      | Entered Level 5 of the Dungeon
  3119 | D:5      | Reached XP level 6. HP: 53/53 MP: 8/8
  3137 | D:5      | Found a staircase to the Ecumenical Temple.
  3262 | D:5      | Found James's Jewellery Boutique.
  3300 | D:5      | Reached **** piety under Cheibriados
  3429 | D:5      | Identified the +1 leather armour "Tuacwed" {*Contam +Blink Int+4} (You found it on level 5 of the Dungeon)
  3470 | D:5      | Reached XP level 7. HP: 59/59 MP: 10/10
  3479 | D:5      | Found a deep blue altar of Sif Muna.
  3503 | D:5      | Found an iron altar of Okawaru.
  3662 | D:6      | Noticed Blork the orc
  3671 | D:6      | Killed Blork the orc
  3671 | D:6      | Reached skill level 5 in Stealth
  3680 | D:6      | Found an ornate altar of the Wu Jian Council.
  3761 | D:6      | Noticed Edmund
  3770 | D:6      | Killed Edmund
  3770 | D:6      | Reached XP level 8. HP: 55/67 MP: 12/12
  3773 | D:6      | Found a hazy altar of Hepliaklqana.
  3831 | D:6      | Reached ***** piety under Cheibriados
  4185 | D:7      | Learned a level 3 spell: Tukima's Dance
  4187 | D:7      | Found a stormy altar of Qazlal.
  4270 | D:7      | Reached XP level 9. HP: 67/72 MP: 14/14
  4290 | D:7      | Identified the +3 leather armour "Ockiutse" {*Contam rElec MR+ MP+9} (You found it on level 7 of the Dungeon)
  4314 | D:7      | Noticed Prince Ribbit
  4319 | D:7      | Killed Prince Ribbit
  4429 | D:7      | Noticed a troll
  4435 | D:7      | Killed a troll
  4639 | D:7      | Found a shadowy altar of Dithmenos.
  4736 | D:7      | Found an opulent altar of Gozag.
  4922 | D:8      | Found a stormy altar of Qazlal.
  5165 | D:8      | Found a hide-covered altar of Uskayaw.
  5299 | D:8      | Found a radiant altar of Vehumet.
  5733 | D:9      | Found a burning altar of Makhleb.
  5819 | D:9      | Reached skill level 5 in Invocations
  5827 | D:9      | Reached XP level 10. HP: 61/80 MP: 15/17
  5869 | D:9      | Found Rexuz's Gadget Shoppe.
  5876 | D:9      | Noticed a two-headed ogre
  5890 | D:9      | Killed a two-headed ogre
  5890 | D:9      | Reached skill level 5 in Short Blades
  5890 | D:9      | Reached skill level 5 in Axes
  5890 | D:9      | Reached skill level 5 in Maces & Flails
  5890 | D:9      | Reached skill level 5 in Polearms
  5890 | D:9      | Reached skill level 5 in Staves
  5890 | D:9      | Reached skill level 5 in Slings
  5890 | D:9      | Reached skill level 5 in Bows
  5890 | D:9      | Reached skill level 5 in Crossbows
  5890 | D:9      | Reached skill level 5 in Throwing
  5890 | D:9      | Reached skill level 5 in Armour
  5890 | D:9      | Reached skill level 5 in Shields
  5890 | D:9      | Reached skill level 5 in Unarmed Combat
  5890 | D:9      | Reached skill level 5 in Spellcasting
  5890 | D:9      | Reached skill level 5 in Evocations
  5980 | D:9      | Found an ancient bone altar of Kikubaaqudgha.
  6506 | D:10     | Entered Level 10 of the Dungeon
  6512 | D:10     | Found a staircase to the Orcish Mines.
  6530 | D:10     | Reached ****** piety under Cheibriados
  6566 | D:10     | Found a staircase to the Lair.
  6849 | D:10     | Got a vibrating pewter ring
  6851 | D:10     | Identified the ring of Ruasop Mohy {*Tele rPois rN+ Str+6 Slay-4} (You found it on level 10 of the Dungeon)
  7154 | D:10     | Reached XP level 11. HP: 62/87 MP: 19/19
  7296 | D:11     | HP: 4/87 [electric eel/bolt of electricity (2)]
  7393 | D:11     | Lost mutation: Your spells are a little easier to cast, but a little less powerful. [potion of mutation]
  7393 | D:11     | Lost mutation: You passively map a small area around you. [potion of mutation]
  7393 | D:11     | Gained mutation: Your body sometimes deteriorates upon taking damage. [potion of mutation]
  7393 | D:11     | Gained mutation: Your system is resistant to poisons. (rPois) [potion of mutation]
  7393 | D:11     | Gained mutation: You are partially covered in slimy green scales. (AC +2) [potion of mutation]
  7421 | D:11     | Noticed a two-headed ogre
  7428 | D:11     | HP: 1/87 [two-headed ogre/giant spiked club (18)]
  7435 | D:11     | Noticed a brown ugly thing
  7441 | D:11     | HP: 5/130 [brown ugly thing (6)]
  7441 | D:11     | Splashed by a brown ugly thing's acid

Skill      XL: |  1  2  3  4  5  6  7  8  9 10 |
---------------+-------------------------------+-----
Invocations    | 1 2 3 4 5 6 |  6.4
Short Blades   | 1 2 3 4 5 |  5.8
Axes           | 1 2 3 4 5 |  5.8
Maces & Flails | 1 2 3 4 5 |  5.8
Polearms       | 1 2 3 4 5 |  5.8
Staves         | 1 2 3 4 5 |  5.8
Slings         | 1 2 3 4 5 |  5.8
Bows           | 1 2 3 4 5 |  5.8
Crossbows      | 1 2 3 4 5 |  5.8
Throwing       | 1 2 3 4 5 |  5.8
Armour         | 1 2 3 4 5 |  5.8
Shields        | 1 2 3 4 5 |  5.8
Unarmed Combat | 1 2 3 4 5 |  5.8
Spellcasting   | 1 2 3 4 5 |  5.8
Evocations     | 1 2 3 4 5 |  5.8
Conjurations   | 1 2 3 4 |  4.8
Hexes          | 1 2 3 4 |  4.8
Charms         | 1 2 3 4 |  4.8
Summonings     | 1 2 3 4 |  4.8
Necromancy     | 1 2 3 4 |  4.8
Translocations | 1 2 3 4 |  4.8
Transmutations | 1 2 3 4 |  4.8
Fire Magic     | 1 2 3 4 |  4.8
Ice Magic      | 1 2 3 4 |  4.8
Air Magic      | 1 2 3 4 |  4.8
Earth Magic    | 1 2 3 4 |  4.8
Poison Magic   | 1 2 3 4 |  4.8
Fighting       | 7 8 |  8.9
Long Blades    | 7 8 |  8.9
Dodging        | 7 8 |  8.9
Stealth        | 5 6 7 |  7.3

Action                   |  1- 3 |  4- 6 |  7- 9 | 10-12 || total
-------------------------+-------+-------+-------+-------++-------
Melee: Falchion          |    69 |    82 |       |       ||   151
       Bite              |    16 |    32 |    55 |    46 ||   149
       Punch             |     1 |     6 |     9 |    11 ||    27
       Long sword        |       |    64 |    35 |       ||    99
       Scimitar          |       |       |   145 |   160 ||   305
Throw: Tomahawk          |       |     2 |       |       ||     2
Invok: Step From Time    |       |       |       |     1 ||     1
  Use: Scroll            |       |     4 |     6 |     1 ||    11
       Potion            |       |     2 |       |     8 ||    10
 Stab: Sleeping          |     4 |     9 |     4 |    11 ||    28
       Distracted        |       |       |     3 |       ||     3
  Eat: Chunk             |       |     4 |     2 |     2 ||     8
       Ration            |       |       |     1 |       ||     1
Armor: Ring mail         |    15 |    28 |    40 |       ||    83
       Troll leather arm |       |       |    12 |    36 ||    48
       Skin              |       |       |       |     2 ||     2
Dodge: Dodged            |    55 |   143 |   192 |   204 ||   594
       Rpst.: Falchion   |    16 |    16 |       |       ||    32
       Long sword        |       |    25 |    16 |       ||    41
       Scimitar          |       |       |    39 |    58 ||    97
